 Dungeon Sprint DCSS version 0.24-a0-228-g05560da471 (webtiles) character file.

Game seed: 14510819511123519180

22 Findor the Slasher (level 2, 0/22 HPs)
             Began as a Demonspawn Gladiator on Apr 1, 2019.
             Slain by a phantom (4 damage)
             ... in the Dungeon (Sprint IX: "|||||||||||||||||||||||||||||").
             The game lasted 00:00:39 (278 turns).

Findor the Slasher (Demonspawn Gladiator)            Turns: 278, Time: 00:00:40

Health: 0/22       AC:  4    Str: 14    XL:     2   Next: 68%
Magic:  0/2        EV: 12    Int:  9    God:
Gold:   0          SH:  0    Dex: 14    Spells: 1/1 levels left

rFire    . . .     SeeInvis .   a - +0 long sword
rCold    . . .     Gourm    .   (no shield)
rNeg     . . .     Faith    .   b - +0 leather armour
rPois    .         Spirit   +   c - +0 helmet
rElec    .         Reflect  .   (no cloak)
rCorr    .         Harm     .   (no gloves)
MR       .....     NoTele   +   (no boots)
Stlth    +.........             (no amulet)
HPRegen  0.07/turn              (no ring)
MPRegen  0.08/turn              (no ring)

@: no status effects
A: magic shield
a: no special abilities


You were in the Dungeon.
You were not hungry.

You visited 1 branch


Innate Abilities, Weirdness & Mutations

When hurt, damage is shared between your health and your magic reserves.


   Skills:
 - Level 2.0 Fighting
 * Level 5.7 Long Blades
 - Level 1.7 Throwing
 - Level 2.6 Dodging


You had one spell level left.
You didn't know any spells.
Your spell library was empty.

Inventory:

Hand Weapons
 a - a +0 long sword (weapon)
Missiles
 d - 3 throwing nets (quivered) {!f}
Armour
 b - a +0 leather armour (worn)
 c - a +0 helmet (worn)
Scrolls
 k - a scroll of blinking
Potions
 e - a potion of curing {@q1}
 g - a potion of heal wounds {@q2}
 h - a potion of haste {@q3}
 i - 2 potions of magic
 j - a potion of berserk rage
Comestibles
 f - a ration


Message History

You destroy the adder zombie!
You have reached level 2!
Your demonic ancestry asserts itself...
You feel your magical essence form a protective shroud around your flesh.
All of the chunks of flesh in your inventory have rotted away.
You hit the shadow imp. The shadow imp hits you.
You closely miss the shadow imp.
The shadow imp hits you but does no damage.
You slash the shadow imp! The shadow imp closely misses you.
You closely miss the shadow imp. The shadow imp misses you.
You hit the shadow imp.
You kill the shadow imp!
Your Long Blades skill increases to level 5!
The phantom closely misses you.
You hit the phantom. The phantom hits you.
You closely miss the phantom. The phantom misses you.
You closely miss the phantom. The phantom misses you.
You miss the phantom. The phantom misses you.
You hit the phantom but do no damage.
The phantom blinks!
You slash the bat skeleton!
You destroy the bat skeleton!
You hit the quokka. The quokka completely misses you.
You barely miss the quokka.
The quokka bites you but does no damage.
You hit the quokka.
You kill the quokka!
The phantom hits you.
You hit the phantom.
The phantom blinks!
You slash the phantom! The phantom hits you!
* * * LOW HITPOINT WARNING * * *
You completely miss the phantom.
The phantom hits you but does no damage.
You miss the phantom. The phantom barely misses you.
You barely miss the phantom.
The phantom blinks!
You are too injured to fight recklessly!
You barely miss the phantom.
The phantom hits you but does no damage.
You closely miss the phantom.
The phantom hits you but does no damage.
You hit the phantom.
The phantom hits you but does no damage.
The phantom barely misses you.
You riposte.
You hit the phantom. You slash the phantom! The phantom closely misses you.
You hit the phantom.
The phantom blinks!
Okay, then.
You hit the phantom but do no damage. The phantom hits you.
* * * LOW HITPOINT WARNING * * *
The phantom blinks!
You closely miss the phantom. The phantom hits you.
You die...

▓.▓
▓.▓
▓.▓
▓.▓
▓.▓
▓'▓
▓.▓
▓W▓
▓@▓
▓.▓
▓§▓
▓)▓
▓.▓
▓.▓
▓.▓
▓<▓
▓▓▓


You could see a phantom.

Vanquished Creatures
  A shadow imp (D)
  An adder zombie (D)
  A dart slug (D)
  A bat skeleton (D)
  A giant cockroach (D)
  A jackal (D)
  A quokka (D)
  A ball python (D)
  A kobold (D)
9 creatures vanquished.

Notes
Turn   | Place    | Note
-------+----------+-------------------------------------------
     0 | D        | Findor the Demonspawn Gladiator began the quest for the
                  | Orb.
     0 | D        | Reached XP level 1. HP: 16/16 MP: 1/1
     4 | D        | Reached skill level 3 in Long Blades
    16 | D        | Reached skill level 4 in Long Blades
   242 | D        | Noticed a phantom
   246 | D        | Gained mutation: When hurt, damage is shared between your
                  | health and your magic reserves. [demonic ancestry]
   246 | D        | Reached XP level 2. HP: 22/22 MP: 2/2
   251 | D        | Reached skill level 5 in Long Blades
   276 | D        | HP: 4/22 [phantom (2)]
   278 | D        | Slain by a phantom

Levels and vault maps discovered:
D:        linesprint [early_d, line_temple, items_1, d_10, items_2, lair_1,
          lair_end, items_3, orc_1, orc_end, items_4, d_15, swamp_1, shoals_1,
          snake_1, spider_1, d_20, vaults_1, items_5, swamp_end, shoals_end,
          snake_end, spider_end, vaults_end, d_27, items_6, zot_1, zot_end,
          crypt_end, forest_end, elf_end, slime_end, tomb_end, abyss_end,
          pan_hell_end]

Action                   || total
-------------------------++-------
Melee: Long sword        ||    46
Armor: Leather armour    ||    10
Dodge: Dodged            ||    21
       Rpst.: Long sword ||     6
